 Dungeon Crawl Stone Soup version 0.27.1-37-g7b29ead8ac (webtiles) character file.

Game seed: 9776834751338852026

39 Djinni the Insei (level 3, 28/28 HPs)
             Began as a Djinni Transmuter on Apr 21, 2023.
             Quit the game on level 2 of the Dungeon on Apr 24, 2023.
             The game lasted 00:10:58 (3220 turns).

Djinni the Insei (Djinni Transmuter)                Turns: 3220, Time: 00:10:58

Health: 28/28      AC:  2    Str: 10    XL:     3   Next: 67%
Gold:   56         EV: 12    Int: 14    God:
                   SH:  0    Dex: 13

rFire    + + .     SeeInvis .     - Unarmed
rCold    x . .     Faith    .   (no shield)
rNeg     . . .     Spirit   .   a - +0 robe
rPois    ∞         Reflect  .   (no helmet)
rElec    .         Harm     .   (no cloak)
rCorr    +         Rampage  .   (no gloves)
Will     .....                  (boots unavailable)
Stlth    +.........             (no amulet)
HPRegen  0.09/turn              d - ring of resist corrosion
MPRegen  0.00/turn              (no ring)

@: flying
A: sickness immunity, fire resistance 2, cold vulnerability 1, float, innate
caster, hp casting, extra vitality 1
a: no special abilities


You were on level 2 of the Dungeon.
You visited 1 branch of the dungeon, and saw 2 of its levels.

You collected 56 gold pieces.

Inventory:

Armour
 a - a +0 robe (worn)
Jewellery
 d - a ring of resist corrosion (left hand)
Wands
 i - a wand of flame (10)
Scrolls
 c - 2 scrolls of identify {unknown}
 e - a scroll of magic mapping {unknown}
 h - a scroll of fear {unknown}
Potions
 b - a potion of lignification {unknown}
 f - a potion of degeneration {unknown}
 g - a potion of cancellation {unknown}


   Skills:
 * Level 1.8 Fighting
 * Level 2.8 Dodging
 * Level 3.3 Unarmed Combat
 * Level 2.0 Spellcasting


You couldn't memorise any spells.
You knew the following spells:

 Your Spells              Type           Power      Damage    Failure   Level
a - Beastly Appendage     Tmut           14%        N/A       11%         1
b - Wereblood             Tmut           7%         N/A       16%         2
c - Spider Form           Tmut/Pois      3%         N/A       30%         3
d - Ice Form              Ice/Tmut       7%         N/A       71%         4
e - Corona                Hex            7%         N/A       11%         1
Your spell library was empty.

Dungeon Overview and Level Annotations

Branches:
Dungeon (2/15)

Altars:
Yredelemnul


Innate Abilities, Weirdness & Mutations

You are immune to sickness and miasma.
You are immune to poison.
Your flesh is very heat resistant. (rF++)
You are vulnerable to cold. (rC-)
You float through the air rather than walking.
You learn spells naturally, not from books.
Your magical power is your life essence.
You have superior vitality. (+4 HP)


Message History

Done waiting.
You reach down and open the door.
There is an open door here.
You reach down and open the door.
There is an open door here.
There is an open door here.
There is an open door here.
There is an open door here.
There is a stone staircase leading down here.
A dart slug comes into view.
The dart slug launches a dart at you. The slug dart misses you.
The dart slug bites you but does no damage.
You hit the dart slug.
The dart slug is heavily wounded.
You hit the dart slug.
The dart slug is severely wounded.
The dart slug misses you.
You hit the dart slug but do no damage.
The dart slug is severely wounded.
You hit the dart slug.
You kill the dart slug!
There is an open door here.
There is an open door here.
There is an open door here.
You reach down and open the door.
There is an open door here.
You reach down and open the door.
There is an open door here.
Found Ozocubu's Autobiography.
You see here Ozocubu's Autobiography.
Saving game... please wait.
Welcome back, Djinni the Djinni Transmuter.
Press ? for a list of commands and other information.
Saving game... please wait.
Welcome back, Djinni the Djinni Transmuter.
Press ? for a list of commands and other information.
Are you sure you want to abandon this character and quit the game? (Confirm with "yes".)
Okay, then.
Are you sure you want to abandon this character and quit the game? (Confirm with "yes".)

##'## #.......#.#... #.#
#.......#.##.. #.#
#.......#.###. ##.##
#.........###. ##...##
##########.... #.....#
###....#.... ##...######
##.P..≈###... ##.##
#..###.##..≈≈#....
#.####.####@:##.P...≈≈≈.....
#............#.##..≈≈≈≈#....
######.########....≈≈.###.).
#.# #.##.≈≈≈≈#.... #.#
##.P..≈≈≈..... #.#
##....P≈≈≈#.... #.#
#.##..≈≈.###... #.#
#P...P≈≈≈≈#.... #..
#..P.≈≈≈≈≈.....


There were no monsters in sight!

Vanquished Creatures
  2 dart slugs
  4 ball pythons (D:1)
  2 bats
  6 endoplasms (D:1)
  2 giant cockroaches (D:1)
  2 hobgoblins
  2 jackals (D:1)
  3 quokkas
  2 frilled lizards
  4 kobolds
  A rat (D:1)
30 creatures vanquished.

Vanquished Creatures (others)
  15 plants (D:2)
15 creatures vanquished.

Grand Total: 45 creatures vanquished

Notes
Turn   | Place    | Note
-------+----------+-------------------------------------------
     0 | D:1      | Djinni the Djinni Transmuter began the quest for the Orb.
     0 | D:1      | Reached XP level 1. HP: 17/17 MP: 0/0
   431 | D:1      | Reached XP level 2. HP: 13/22 MP: 0/0
  1100 | D:1      | Reached XP level 3. HP: 18/27 MP: 0/0
  1100 | D:1      | Learned a level 1 spell: Corona
  1983 | D:2      | Found a basalt altar of Yredelemnul.
  3220 | D:2      | Quit the game

Illustrated notes

Levels and vault maps discovered:
D:1:      pf_arrival_petrified_forest, layout_loops_corners
D:2:      wad_lake_hut, layout_loops_corners, basic_altar,
          uniq_crazy_yiuf_cottage

Skill      XL: |  1  2  3 |
---------------+----------+-----
Spellcasting   | 2 |  2.0
Fighting       | |  1.8
Dodging        | |  2.8
Unarmed Combat | |  3.3

Action                   || total
-------------------------++-------
Melee: Unarmed           ||   149
       Headbutt          ||     5
       Punch             ||     1
 Cast: Beastly Appendage ||    14
Armor: Robe              ||    19
Dodge: Dodged            ||    62
